Map: Lerilak Crest

Players

Dar - Winner!

  • Race: Terran Terran
  • League: Gold

capac

  • Race: Terran Terran
  • League: Gold

VOD

Have the link to the VOD?

Description

Time

  • Played on: Feb. 19, 2016, 1:14 p.m.
  • Length: 15:32
Show
View Real Time Build Order
Export as new Build Order

Dar Terran - Winner!

Build Orders: MMM Bio 

Get SALT Encoding   

  12  0:01  SCV  
  13  0:13  SCV  
  14  0:19  Supply Depot  
  14  0:26  SCV  
  15  0:42  Barracks, SCV  
  16  0:56  Barracks  
  16  0:57  SCV  
  17  1:09  SCV  
  18  1:19  Barracks  
  18  1:21  SCV  
  19  1:31  Barracks  
  19  1:34  Marine  
  20  1:41  Refinery  
  20  1:44  Marine  
  21  1:55  Supply Depot  
  21  1:59  Orbital Command  
  21  2:03  Marine  
  21  2:07  Marine  
  23  2:16  Marine  
  23  2:17  Marine  
  23  2:21  Marine  
  26  2:25  Supply Depot  
  26  2:31  Marine  
  27  2:37  Barracks Tech Lab  
  27  2:38  Marine  
  27  2:41  Marine  
  29  2:49  Marine  
  30  2:56  Marine  
  31  2:59  Marauder, Marine  
  34  3:06  Marine  
  35  3:14  Refinery, Marine  
  35  3:17  Marine  
  38  3:20  Marine  
  38  3:24  Marine  
  38  3:25  Supply Depot  
  39  3:30  SCV  
  39  3:31  Marine  
  41  3:37  Combat Shields  
  41  3:41  Marine  
  41  3:45  Marine  
  43  3:52  Marauder  
  43  3:55  Marine  
  46  4:00  Marine  
  47  4:03  Marine  
  48  4:10  SCV  
  48  4:14  Barracks Tech Lab  
  48  4:16  Marauder  
  51  4:19  Marine  
  52  4:36  Factory, Barracks Reactor  
  52  4:42  Marauder  
  54  4:46  Marauder  
  56  5:04  Barracks Reactor  
  56  5:08  Marauder x2  
  60  5:17  Marine x2  
  62  5:22  Factory Tech Lab  
  62  5:40  Supply Depot  
  62  5:46  Marauder x2, Stimpack  
  62  5:47  Concussive Shells  
  66  6:09  Supply Depot  
  66  6:11  Starport  
  65  6:36  Marine x2  
  65  6:37  Marine x2  
  67  6:53  Marauder x2  
  70  6:54  Siege Tank  
  70  6:56  Starport Reactor  
  72  7:26  Command Center  
  72  7:36  Medivac x2  
  76  8:00  Marine x4  
  76  8:02  Marauder  
  76  8:04  Marauder  
  84  8:15  Medivac  
  86  8:27  Supply Depot  
  86  8:37  Medivac  
  86  8:39  Orbital Command  
  88  8:41  SCV  
  89  8:54  Engineering Bay  
  89  9:03  Medivac  
  89  9:07  Medivac  
  93  9:11  SCV  
  93  9:15  SCV  
  95  9:22  Terran Infantry Weapons Level 1  
  95  9:35  Marine  
  95  9:36  Marine x3  
  99  9:42  Siege Tank  
  102  9:48  SCV x2  
  104  10:08  SCV x2  
  104  10:09  Marine x2  
  104  10:10  Marine x2  
  104  10:11  Marauder  
  112  10:20  SCV x2  
  109  10:49  Siege Tank  
  102  10:54  Marine, Medivac x2  
  102  10:55  Marine x3  
  102  10:56  Marauder x2  
  114  11:12  Marine x2  
  114  11:13  Marine x2  
  114  11:15  Refinery x2  
  114  11:16  Terran Infantry Armor Level 1  
  118  11:24  Marauder x2  
  122  11:37  Marine x4  
  126  11:45  Marauder x2, Armory  
  130  11:48  SCV x2  
  132  11:58  Engineering Bay  
  53  12:38  Marine x4  
  53  12:39  Marauder x2  
  53  12:41  Siege Tank  
  53  12:56  Marine x4  
  52  13:00  Marauder  
  52  13:01  Marauder  
  56  13:13  Marine, Siege Tank  
  56  13:14  Marine x3  
  63  13:22  Marauder x2  
  67  13:32  Marine x3  
  67  13:33  Marine  
  71  13:43  Marauder  
  68  14:03  Marine x4  
  68  14:05  Marauder x2  
  76  14:58  Marine x4  
  80  15:01  Marauder x2  
Show
View Real Time Build Order
Export as new Build Order

capac Terran 

Build Orders:  

Get SALT Encoding   

  12  0:01  SCV  
  13  0:13  SCV  
  14  0:18  Supply Depot  
  14  0:25  SCV  
  15  0:40  SCV  
  16  0:43  Barracks  
  16  0:53  SCV  
  16  0:56  Refinery  
  17  1:06  SCV  
  18  1:18  SCV  
  19  1:30  SCV  
  20  1:39  Barracks Reactor, Command Center  
  20  1:43  SCV  
  21  1:56  Supply Depot, SCV  
  22  2:02  Refinery  
  22  2:08  SCV  
  23  2:17  Marine x2  
  25  2:30  Factory  
  25  2:35  Barracks  
  25  2:36  Marine  
  26  2:46  Orbital Command  
  25  2:54  SCV  
  26  3:01  Bunker  
  26  3:02  Marine  
  27  3:14  Orbital Command  
  27  3:26  Starport  
  27  3:30  Factory Reactor  
  27  3:36  SCV  
  28  3:43  Barracks Tech Lab  
  28  3:48  Barracks  
  28  3:55  Marine x2  
  30  4:03  SCV  
  30  4:04  SCV  
  32  4:12  Stimpack  
  32  4:15  Marine x2  
  34  4:18  Factory Tech Lab  
  34  4:22  SCV x2  
  36  4:30  Medivac x2  
  40  4:35  SCV x2  
  40  4:38  Refinery x2  
  42  4:40  Siege Tank  
  42  4:41  Marine  
  46  4:56  Supply Depot  
  46  5:16  Liberator  
  46  5:17  Marine, Liberator  
  46  5:18  Marine x2, SCV x2  
  46  5:20  Supply Depot  
  52  5:27  Barracks Reactor  
  51  5:30  SCV x2  
  51  5:32  Siege Tank  
  62  5:42  Marine x3, SCV x2  
  67  5:48  Supply Depot  
  67  5:59  Liberator  
  67  6:04  Siege Tank, Liberator  
  70  6:10  SCV x2  
  70  6:11  Marine x2  
  51  7:03  Command Center  
  51  8:10  Supply Depot  
  51  8:11  Supply Depot  
  51  8:15  Siege Tank  
  54  8:31  Marine x5  
  59  8:40  Command Center  
  59  8:46  Supply Depot  
  59  8:48  Supply Depot  
  59  8:49  Marine x3  
  59  8:50  Siege Tank  
  59  8:53  Medivac  
  67  9:09  Marine x2  
  68  9:10  Marine x2  
  71  9:26  Orbital Command  
  71  9:31  Marine x2  
  73  9:42  Marine x2  
  73  9:43  Marine  
  76  9:47  Liberator  
  76  9:48  Liberator  
  76  9:49  SCV  
  77  10:01  SCV  
  87  10:09  SCV  
  87  10:13  SCV  
  89  10:24  Marine x3  
  89  10:25  Marine x2  
  85  11:08  Orbital Command  
  85  11:43  Factory  
  85  12:28  Marine x2  
  85  12:29  Marine  
  69  12:30  Marine x2, SCV x2  
  45  12:42  SCV x2  
  42  12:46  Marine x2  
  42  12:47  Marine x3  
  47  12:54  SCV  
  48  13:00  Liberator  
  48  13:02  Liberator  
  48  13:04  Marine x3  
  48  13:05  Marine  
  51  13:06  SCV  
  53  13:13  Marine  
  53  13:17  Factory Tech Lab  
  57  13:22  Marine x3  
  57  13:23  Refinery  
  63  13:33  SCV x3  
  66  13:45  SCV x2  
  39  14:07  Bunker  
  39  14:08  Marine x4  
  43  14:13  Siege Tank  
  45  14:43  Marine x3  
  45  14:44  Marine  
Tags
 
Composition
MMM Bio
League
GoldGold
Matchup
TvT
Race
Terran
Add a new tag
Caveats
  • Supply blocks, unpowered buildings, or Contaminate may cause inaccurate times.
  • Supply counts are checked every 10 seconds.